 Dungeon Crawl Stone Soup version 0.31.0-32-g396128a36d (webtiles) character file.

Game seed: 14280098095175930761

199 Buffagor the Changeling (level 5, 0/33 HPs)
             Began as an Octopode Shapeshifter on Mar 29, 2024.
             Slain by an adder (2 damage)
             ... on level 4 of the Dungeon.
             The game lasted 00:06:54 (2269 turns).

Buffagor the Changeling (Octopode Shapeshifter)     Turns: 2269, Time: 00:06:54

Health: 0/33       AC:  1    Str: 13    XL:     5   Next: 77%
Magic:  5/5        EV: 13    Int: 13    God:
Gold:   201        SH:  0    Dex: 13    Spells: 4/4 levels left

rFire   . . .        h - +1 trident (venom)
rCold   + . .        (no shield)
rNeg    . . .        (helmet currently unavailable)
rPois   .            (no amulet)
rElec   .            p - ring of flight
rCorr   .            l - +4 ring of protection
SInv    .            u - ring of protection from cold
Will    .....        (no ring)
Stlth   ++           (no ring)
HPRegen 0.25/turn    (no ring)
MPRegen 0.09/turn    (no ring)
                     (no ring)

%: no passive effects
@: beast-form, corroded, flying
A: beast (slay +2), almost no armour, amphibious, 8 rings, camouflage 1,
gelatinous body 1, (nimble swimmer 1), tentacles
a: Begin Untransformation


You were on level 4 of the Dungeon.
You were a hulking beast.
You visited 1 branch of the dungeon, and saw 4 of its levels.

You collected 201 gold pieces.

Inventory:

Hand Weapons
 b - a +0 sling
 h - a +1 trident of venom (weapon)
Jewellery
 l - a +4 ring of protection (right tentacle)
 p - a ring of flight (left tentacle)
 u - a ring of protection from cold (on tentacle)
Talismans
 c - a flux talisman
 d - a beast talisman
Scrolls
 e - a scroll of silence {unknown}
 g - 6 scrolls of identify {unknown}
 i - 2 scrolls of enchant weapon {unknown}
 k - 2 scrolls of vulnerability {unknown}
 m - a scroll of poison {unknown}
 n - a scroll of brand weapon {unknown}
 o - a scroll of enchant armour {unknown}
 s - a scroll of blinking {unknown}
 w - a scroll of noise {unknown}
 y - a scroll of summoning {unknown}
Potions
 a - 2 potions of lignification
 f - 2 potions of might {unknown}
 j - 2 potions of heal wounds {unknown}
 q - a potion of degeneration {unknown}
 r - a potion of ambrosia {unknown}
 t - a potion of haste {unknown}
 v - a potion of resistance {unknown}
 x - a potion of attraction {unknown}
 z - a potion of enlightenment {unknown}


   Skills:
 - Level 1.0 Fighting
 - Level 2.0 Dodging
 + Level 4.3 Unarmed Combat
 * Level 5.1 Shapeshifting


You had 4 spell levels left.
You didn't know any spells.
Your spell library contained the following spells:

 Spells                   Type           Power      Damage    Failure   Level
 Dazzling Flash           Conj/Hex       0%         N/A       67%         3
 Volatile Blastmotes      Fire/Tloc      0%         2d10      67%         3
 Starburst                Conj/Fire      0%         6d3       100%        6
 Maxwell's Capacitive Co  Air            0%         ∞         100%        8


Dungeon Overview and Level Annotations

Branches:
Dungeon (4/15)
 Temple: D:4-7

Altars:

Shops:
D:1 :


Innate Abilities, Weirdness & Mutations

You are a hulking beast.
Your limbs bulge with bestial killing power. (Slay +2)
You cannot wear most types of armour.
You are amphibious.
You can wear up to eight rings at the same time.
Your skin changes colour to match your surroundings (Stealth+).
Your rubbery body absorbs attacks. (AC +1, EV +1)
((You are camouflaged when in or above water. (Stealth+)))
You have tentacles for arms and can constrict up to eight enemies at once.


Message History

You barely miss the ribbon worm. You grab the ribbon worm.
You constrict the ribbon worm.
You constrict the adder, but do no damage. x2
You feel sick. The adder barely misses you. The adder misses you.
The ribbon worm bites you.
* * * LOW HITPOINT WARNING * * *
The adder bites you.
* * * LOW HITPOINT WARNING * * *
The adder bites you.
* * * LOW HITPOINT WARNING * * *
Unknown command.
Unknown command.
Okay, then.
Unknown command.
You hit the ribbon worm.
The ribbon worm is moderately wounded.
You constrict the ribbon worm. You constrict the adder.
You kill the adder!
You constrict the adder.
You feel sick.
You are no longer poisoned.
The adder barely misses you.
The ribbon worm expels a string of sticky webbing.
The stream of webbing hits you but does no damage.
You are caught in a web!
Unknown command.
Unknown command.
Unknown command.
Unknown command.
Unknown command.
Unknown command.
Unknown command.
Unknown command.
Unknown command.
Unknown command.
Unknown command.
Unknown command.
Unknown command.
The web tears apart.
You constrict the ribbon worm. You constrict the adder. The adder misses you.
The ribbon worm barely misses you. The adder bites you.
You die...

#.##.....##..
#.#..........
###............
$..............
.............
#....?......
#..S.w......
###..)h.......
#.............
#.###.....##..
##..### #..##
#...# #.#....#
#.#....#
##>###..#


You could see a ribbon worm and an adder.

Vanquished Creatures
  A jelly (D:4)
  An iguana (D:4)
  A gnoll (D:3)
  4 adders
  A dart slug (D:1)
  3 ribbon worms
  7 orcs
  7 ball pythons
  7 bats
  7 endoplasms
  2 giant cockroaches (D:1)
  8 goblins
  8 hobgoblins
  5 jackals
  3 quokkas
  2 frilled lizards
  4 kobolds
  7 rats
78 creatures vanquished.

Notes
Turn   | Place    | Note
-------+----------+-------------------------------------------
     0 | D:1      | Buffagor the Octopode Shapeshifter began the quest for the
                  | Orb.
     0 | D:1      | Reached XP level 1. HP: 13/13 MP: 1/1
   177 | D:1      | Reached XP level 2. HP: 18/18 MP: 2/2
   437 | D:1      | Found Vailun's Book Emporium.
   503 | D:1      | Reached XP level 3. HP: 23/23 MP: 3/3
  1095 | D:2      | Reached skill level 4 in Shapeshifting
  1402 | D:3      | Reached XP level 4. HP: 28/28 MP: 4/4
  1641 | D:3      | Found a faded altar of an unknown god.
  2120 | D:4      | Reached XP level 5. HP: 33/33 MP: 5/5
  2260 | D:4      | Reached skill level 5 in Shapeshifting
  2269 | D:4      | Slain by an adder

Illustrated notes

Levels and vault maps discovered:
D:1:      dpeg_arrival_chambers_temple_mockup, layout_basic, serial_shops, shop,
          dk_noncrumbling_3, st_stairs_1, minmay_misc_feat_square,
          minmay_tromino_v4_c
D:2:      layout_loops_ring
D:3:      minmay_chambers_of_threes, layout_basic,
          ebering_ecumenical_altar_sacrificial, roderic_st_hans_cross,
          chequers_serial_rivers_micro_e, hex_tiny
D:4:      layout_rooms, nemelex_dance_club_becter,
          minmay_temple_entry_gardened_gates

Skill      XL: |  1  2  3  4  5 |
---------------+----------------+-----
Shapeshifting  | 4 5 |  5.1
Unarmed Combat | 4 |  4.3
Fighting       | |  1.0
Dodging        | |  2.0

Action                     |  1- 3 |  4- 6 || total
---------------------------+-------+-------++-------
  Melee: Unarmed           |    17 |       ||    17
         Constrict         |    13 |    20 ||    33
         Tentacles         |     4 |    12 ||    16
         Trident           |    46 |    69 ||   115
         Punch             |     1 |     3 ||     4
   Fire: Sling             |    26 |       ||    26
   Stab: Sleeping          |    12 |     1 ||    13
 Armour: Skin              |    21 |    44 ||    65
  Dodge: Dodged            |    34 |    49 ||    83
